Map: Void Thrashing

Players

NamroodTuo

  • Race: Terran Terran
  • Spawn Location: 6:00

aribaldi

  • Race: Zerg Zerg

VOD

Have the link to the VOD?

Description

Time

  • Played on: Jan. 29, 2023, 9:38 a.m.
  • Length: 19:25
Show
View Real Time Build Order
Export as new Build Order

NamroodTuo Terran 

Build Orders:  

Get SALT Encoding   

  12  0:03  SCV  
  13  0:16  SCV  
  14  0:30  SCV  
  14  0:34  Supply Depot  
  15  0:55  Factory  
  15  1:12  Supply Depot  
  15  1:53  SCV  
  16  2:06  SCV  
  16  2:07  Perdition Turret  
  17  2:20  Armory, SCV  
  18  2:33  SCV  
  19  2:40  Perdition Turret  
  19  2:47  SCV  
  20  3:05  Perdition Turret  
  20  3:08  SCV, Refinery  
  21  3:22  SCV  
  21  3:25  Refinery  
  21  3:29  Perdition Turret  
  22  3:35  SCV  
  23  3:49  SCV  
  24  3:54  Devastation Turret  
  24  4:03  Devastation Turret  
  24  4:14  Devastation Turret  
  24  4:18  SCV  
  25  4:21  Devastation Turret  
  25  4:31  SCV  
  26  4:45  SCV  
  27  4:58  SCV  
  28  5:09  Upgrade Laser Drill Level 1  
  28  5:12  SCV  
  29  5:58  Command Center  
  29  6:04  Devastation Turret  
  29  6:11  SCV  
  29  6:13  Engineering Bay  
  30  6:23  Supply Depot  
  30  6:25  SCV  
  31  6:53  SCV  
  32  7:00  Supply Depot, Devastation Turret  
  32  7:06  SCV  
  33  7:12  Spinning Dizzy  
  33  7:20  SCV  
  33  7:28  Spinning Dizzy  
  34  7:35  Perdition Turret  
  47  7:40  SCV  
  34  7:45  Supply Depot  
  35  7:50  SCV  
  35  7:51  Devastation Turret  
  35  7:53  SCV  
  37  8:01  Perdition Turret  
  37  8:03  SCV  
  38  8:16  SCV  
  38  8:17  SCV  
  40  8:24  Starport  
  40  8:28  Terran Vehicle and Ship Weapons Level 1  
  40  8:29  Structure Armor, Starport  
  40  8:34  Supply Depot  
  40  8:58  Perdition Turret  
  40  9:09  Supply Depot  
  40  9:20  Supply Depot  
  40  9:21  SCV  
  40  9:23  Spinning Dizzy  
  40  9:29  Hi-Sec Auto Tracking  
  41  9:34  SCV  
  42  9:42  Supply Depot  
  42  9:48  SCV  
  43  9:51  Starport, Starport Tech Lab  
  43  9:52  Starport Reactor  
  43  10:01  SCV  
  43  10:04  Refinery  
  44  10:11  Refinery  
  44  10:15  SCV, Supply Depot  
  45  10:28  SCV  
  46  10:42  SCV  
  47  10:55  SCV  
  48  11:08  Terran Vehicle And Ship Armor Level 1  
  48  11:20  SCV  
  49  11:34  SCV  
  50  11:47  SCV, Perdition Turret  
  51  11:51  Perdition Turret  
  51  11:57  Starport Reactor  
  51  11:59  Pulse Amplifier  
  51  12:01  SCV  
  52  12:10  Supply Depot  
  52  12:15  SCV  
  53  12:28  SCV  
  54  12:31  Spinning Dizzy  
  54  12:39  Perdition Turret  
  54  12:44  Supply Depot  
  54  12:52  Spinning Dizzy  
  54  12:58  Science Vessel  
  54  12:59  Improved Nano-Repair  
  56  13:02  Wraith  
  56  13:03  Perdition Turret, Wraith  
  56  13:04  Wraith  
  80  13:10  Wraith  
  62  13:15  Spinning Dizzy  
  62  13:16  Supply Depot  
  64  13:27  Perdition Turret  
  64  13:42  Wraith  
  64  13:43  Wraith  
  64  13:46  Science Vessel  
  64  13:47  Supply Depot  
  64  13:48  Terran Vehicle and Ship Weapons Level 2, Wraith  
  72  13:51  Perdition Turret  
  72  13:52  Wraith  
  74  14:21  Supply Depot  
  74  14:33  Science Vessel  
  74  14:39  Perdition Turret  
  76  14:40  Perdition Turret  
  75  14:53  Supply Depot  
  71  15:21  Science Vessel  
  73  15:42  Wraith x2  
  73  15:43  Wraith x2  
  81  16:04  Supply Depot  
  81  16:09  Science Vessel  
  83  16:22  Wraith x3  
  83  16:23  Wraith, Devastation Turret  
  91  16:36  Supply Depot  
  91  16:38  Perdition Turret  
  91  16:39  Perdition Turret  
  91  16:50  Devastation Turret  
  91  16:57  Science Vessel  
  93  17:02  Wraith x3  
  93  17:03  Wraith  
  93  17:07  Supply Depot  
  101  17:18  Devastation Turret  
  101  17:31  SCV  
  102  17:41  Supply Depot  
  102  17:42  Wraith x4  
  102  17:44  SCV  
  102  17:45  Science Vessel  
  102  17:49  Spinning Dizzy  
  113  18:09  Devastation Turret  
  113  18:12  Supply Depot  
  113  18:22  Wraith x4  
  121  18:33  Wraith  
Show
View Real Time Build Order
Export as new Build Order

aribaldi Zerg 

Build Orders:  

Get SALT Encoding   

  18  0:05  Primal Drone  
  19  0:11  Primal Drone  
  20  0:24  Extractor  
  20  0:28  Primal Drone  
  21  0:36  Primal Drone  
  22  0:41  Primal Drone  
  22  0:49  Primal Drone  
  24  1:03  Extractor  
  24  1:12  Primal Drone  
  25  1:47  Primal Warden  
  27  1:53  Primal Warden  
  27  1:54  Primal Drone x2  
  29  2:01  Primal Drone  
  30  2:21  Primal Drone  
  30  2:26  Primal Carapace Level 1  
  31  2:41  Primal Drone x2  
  33  2:58  Primal Drone  
  33  2:59  Glevig's Den  
  33  3:18  Primal Zergling x2  
  33  3:19  Primal Zergling  
  36  3:24  Primal Drone  
  37  3:43  Primal Drone  
  38  4:03  Primal Hive  
  43  4:17  Primal Drone x3  
  46  4:37  Murvar's Den  
  45  5:33  Primal Hydralisk x4  
  45  5:34  Primal Hydralisk x3  
  59  6:01  Primal Attacks Level 1  
  59  6:13  Primal Drone x4  
  59  6:15  Primal Drone  
  59  6:19  Extractor  
  61  6:56  Primal Roach  
  61  6:57  Primal Roach x4  
  61  6:58  Primal Roach x3  
  44  7:10  Muscular Augments  
  77  7:49  Extractor  
  77  7:50  Primal Drone  
  77  7:51  Primal Drone x4  
  82  8:03  Slicing Glave  
  82  8:09  Dissolving Acid  
  80  9:03  Shifting Carapace  
  80  9:05  Primal Roach  
  80  9:06  Primal Roach x4  
  80  9:07  Primal Roach x5  
  101  9:26  Primal Warden  
  101  9:42  Dakrun's Den  
  98  11:44  Brutal Charge  
  98  11:48  Enlarged Parotid Glands  
  98  11:52  Primal Attacks Level 2  
  98  11:56  Primal Hydralisk  
  98  11:57  Primal Hydralisk x4  
  98  11:58  Primal Roach  
  110  12:00  Primal Zergling x3  
  110  12:01  Primal Zergling x5  
  110  12:02  Primal Zergling  
  119  12:47  Primal Roach  
  119  12:48  Primal Roach x4, Glial Reconstitution  
  129  12:50  Primal Swarm Host x2  
  135  13:03  Primal Drone x3  
  135  13:04  Primal Drone x2  
  121  14:18  Primal Hydralisk x5  
  121  14:19  Primal Hydralisk x4  
  129  14:20  Primal Hydralisk x4  
  111  15:02  Primal Carapace Level 2  
  105  15:47  Primal Hydralisk x5  
  115  15:54  Healing Adaptation  
  115  16:16  Primal Roach  
  115  16:17  Primal Roach x5  
  115  16:18  Primal Roach x4  
  115  16:19  Primal Roach x2  
  139  17:16  Primal Hydralisk x2  
  139  17:17  Primal Hydralisk x5  
  139  17:18  Primal Hydralisk x2  
Tags
 
Commander
DehakaSwann
Matchup
Co-op
Replay Pack
Multiplayer
Add a new tag
Caveats
  • Supply blocks, unpowered buildings, or Contaminate may cause inaccurate times.
  • Supply counts are checked every 10 seconds.